 Dungeon Crawl Stone Soup version 0.21.0-3-g78d12a8 (webtiles) character file.

32042 theanonym the Frost Mage (level 13, 43/107 HPs)
             Began as a White Draconian Ice Elementalist on Jan 13, 2018.
             Was an Elder of Sif Muna.
             Quit the game on level 5 of the Lair of Beasts.
             The game lasted 01:34:57 (27799 turns).

theanonym the Frost Mage (DrIE)                    Turns: 27799, Time: 01:34:57

Health: 43/107     AC: 15    Str: 11    XL:     13   Next: 29%
Magic:  6/27       EV: 16    Int: 19    God:    Sif Muna [****..]
Gold:   820        SH:  5    Dex: 13    Spells: 14/32 levels left

rFire    + . .     SeeInvis .   a - +0 dagger (elec)
rCold    + . .     Gourm    .   x - +0 buckler
rNeg     . . .     Faith    .   (armour unavailable)
rPois    +         Spirit   .   O - +2 hat {MR+} {MR+}
rElec    .         Reflect  .   D - +0 cloak
rCorr    .         Harm     .   M - +0 pair of gloves {archery}
MR       +....                  b - +2 pair of boots
Stlth    ++........             (no amulet)
HPRegen  0.27/turn              s - ring of protection from fire {rF+}
MPRegen  0.20/turn              l - ring of poison resistance {rPoisrPois}

@: very slightly contaminated, divine energy
A: breathe frost, unfitting armour, cold resistance 1, cold-blooded, AC +8
a: Breathe Frost, Stop Divine Energy, Channel Magic, Forget Spell, Renounce
Religion


Innate Abilities, Weirdness & Mutations

You can breathe waves of freezing cold.
You can buffet flying creatures when you breathe cold.
Your icy white scales are hard. (AC +8)
You cannot fit into any form of body armour.
Your flesh is cold resistant. (rC+)
You are cold-blooded and may be slowed by cold attacks.


   Skills:
 - Level 8.1 Fighting
 + Level 0.9 Short Blades
 - Level 7.1 Dodging
 - Level 1.7 Stealth
 - Level 5.0 Shields
 - Level 10.0 Spellcasting
 - Level 10.0 Conjurations
 - Level 5.0 Hexes
 - Level 5.0 Charms
 + Level 12.2 Ice Magic
 + Level 8.4 Invocations


You had 14 spell levels left.
You knew the following spells:

 Your Spells              Type           Power        Failure   Level  Hunger
a - Throw Frost           Conj/Ice       ######       1%          2    None
b - Throw Icicle          Conj/Ice       ######..     1%          4    ##.....
c - Freeze                Ice            ####         1%          1    None
d - Summon Ice Beast      Ice/Summ       ####....     6%          4    ##.....
e - Cause Fear            Hex            ####......   10%         4    ##.....
g - Ozocubu's Armour      Chrm/Ice       #####...     1%          3    None

Skill      XL: |  1  2  3  4  5  6  7  8  9 10 11 12 13 |
---------------+----------------------------------------+-----
Conjurations   | 2 3 6 8 9 10 | 10.0
Ice Magic      | 4 7 10 11 12 | 12.2
Shields        | 1 3 5 |  5.0
Fighting       | 4 6 7 8 |  8.1
Dodging        | 4 5 6 7 |  7.1
Spellcasting   | 5 6 7 8 9 10 | 10.0
Charms         | 2 4 5 |  5.0
Invocations    | 4 7 8 |  8.4
Hexes          | 2 5 |  5.0
Short Blades   | |  0.9
Stealth        | |  1.7

Action                   |  1- 3 |  4- 6 |  7- 9 | 10-12 | 13-15 || total
-------------------------+-------+-------+-------+-------+-------++-------
Melee: Short sword       |    66 |    48 |   196 |       |       ||   310
       Unarmed           |     2 |       |       |       |       ||     2
       Tailslap          |     5 |     3 |    24 |    36 |     9 ||    77
       Dagger            |       |       |    15 |   293 |    80 ||   388
 Cast: Freeze            |    27 |    22 |     3 |    13 |     1 ||    66
       Throw Frost       |     4 |       |    31 |    40 |       ||    75
       Ozocubu's Armour  |       |     2 |    11 |    28 |     4 ||    45
       Throw Icicle      |       |       |    97 |   386 |    65 ||   548
       Summon Ice Beast  |       |       |       |    24 |       ||    24
       Cause Fear        |       |       |       |     1 |       ||     1
Invok: Divine Energy     |       |       |     1 |       |       ||     1
       Channel Magic     |       |       |       |     6 |       ||     6
 Abil: Breathe Frost     |       |       |    21 |    56 |     7 ||    84
Evoke: Wand              |       |       |    15 |    17 |       ||    32
  Use: Scroll            |       |     7 |    10 |    10 |     2 ||    29
       Potion            |       |     2 |     3 |     4 |       ||     9
 Stab: Sleeping          |     2 |       |     1 |       |       ||     3
       Paralysed         |       |       |     6 |    15 |       ||    21
  Eat: Chunk             |     2 |     5 |    19 |    55 |     5 ||    86
       Ration            |       |       |     6 |    14 |     2 ||    22
Armor: Skin              |    40 |    32 |   112 |   222 |    89 ||   495
Dodge: Dodged            |    59 |    30 |   215 |   442 |   205 ||   951
Block: Buckler           |       |    14 |    80 |   162 |    56 ||   312

Inventory:

Hand Weapons
 a - a +0 dagger of electrocution (weapon)
   (You took it off an orc wizard on level 12 of the Dungeon)
Missiles
 J - 4 throwing nets (quivered)
Armour
 b - a +2 pair of boots (worn)
   (You found it on level 11 of the Dungeon)
 h - a +2 hat
   (You found it on level 1 of the Dungeon)
 x - a +0 buckler (worn)
   (You found it on level 2 of the Dungeon)
 D - a +0 cloak (worn)
   (You found it on level 1 of the Lair of Beasts)
 M - a +0 pair of gloves of archery (worn)
   (You found it on level 2 of the Lair of Beasts)
 O - a +2 hat of magic resistance (worn) {MR+}
   (You took it off Gastronok on level 3 of the Lair of Beasts)
Jewellery
 i - an uncursed ring of wizardry {Wiz}
   (You found it on level 3 of the Dungeon)
 l - a ring of poison resistance (right hand) {rPoisrPois}
   (You found it on level 10 of the Dungeon)
 s - a ring of protection from fire (left hand) {rF+}
   (You found it on level 2 of the Dungeon)
 G - an uncursed ring of protection from fire {rF+}
   (You found it on level 1 of the Lair of Beasts)
Wands
 d - a wand of digging (28)
   (You found it on level 2 of the Lair of Beasts)
 k - a wand of polymorph (17)
   (You took it off Grum on level 8 of the Dungeon)
 v - a wand of acid (9)
   (You found it on level 1 of the Lair of Beasts)
 y - a wand of flame (17)
   (You took it off an orc on level 10 of the Dungeon)
 C - a wand of random effects (14)
   (You found it on level 7 of the Dungeon)
 H - a wand of paralysis (2)
   (You took it off a centaur on level 12 of the Dungeon)
 I - a wand of scattershot (14)
   (You found it on level 1 of the Lair of Beasts)
Scrolls
 f - 2 scrolls of fog
 m - 6 scrolls of immolation
 n - a scroll of amnesia
 o - 3 scrolls of remove curse
 t - 6 scrolls of teleportation {!r}
 K - 2 scrolls of enchant armour
 L - a scroll of enchant weapon
Potions
 c - 2 potions of haste
 g - a potion of berserk rage
 j - a potion of lignification
 p - 4 potions of brilliance
 q - 4 potions of heal wounds
 r - 2 potions of agility
 u - a potion of invisibility
 w - 5 potions of curing
 z - 2 potions of might
 B - a potion of ambrosia
 F - 2 potions of flight {unknown}
Books
 A - a book of Enchantments
   (You found it on level 10 of the Dungeon)
 E - a book of Frost
Comestibles
 e - 9 rations


You were on level 5 of the Lair of Beasts.
You worshipped Sif Muna.
Sif Muna was greatly pleased with you.
You were very hungry.

You visited 3 branches of the dungeon, and saw 18 of its levels.

You collected 1000 gold pieces.
You spent 180 gold pieces at shops.

Dungeon Overview and Level Annotations

Branches:
Dungeon (12/15)            Temple (1/1) D:6            Lair (5/6) D:8
 Shoals (0/4) Lair:4       Spider (0/4) Lair:4          Orc (0/2) D:12
  Slime: Lair:5-6

Altars:
Ashenzari
Cheibriados
Dithmenos
Elyvilon
Fedhas
Gozag
Hepliaklqana
Kikubaaqudgha
Makhleb
Nemelex Xobeh
Okawaru
Qazlal
Ru
Sif Muna
Trog
Uskayaw
Vehumet
Wu Jian
Xom
Yredelemnul
Zin
The Shining One

Shops:
D:12 %

Portals:
Trove: D:10 (give 12 potions of heal wounds)

Annotations:
Lair:3 kegs's ghost, journeyman HOFi; xight's ghost, adept DEFE
Lair:5 Tiamon's ghost, journeyman MiFi

#.$...........#
#....#........##
......###...............#.
.........#....P..........#
.........#....P...........
^.....P...............[..#
...............W.F.......
....#.........##@h....#
..............###h...##
..............####...#
...#P##.........##..P#
...####P...#P..?.....##
.P..##.....##....h....#
...P#................P#
.PP.#.....P..P...#....#
PP.........#.##.#.....#


You could see 2 wolves, a bullfrog and Tiamon's ghost.

Notes
Turn   | Place    | Note
-------+----------+-------------------------------------------
     0 | D:1      | theanonym the Draconian Ice Elementalist began the quest for the Orb.
     0 | D:1      | Reached XP level 1. HP: 14/14 MP: 3/3
   200 | D:1      | Reached XP level 2. HP: 15/20 MP: 1/5
   215 | D:1      | Learned a level 2 spell: Throw Frost
   617 | D:1      | Reached XP level 3. HP: 23/26 MP: 3/6
   705 | D:1      | Reached skill level 2 in Conjurations
  1156 | D:2      | Reached skill level 4 in Ice Magic
  1271 | D:2      | Found a sacrificial altar of Ru.
  1287 | D:2      | Reached XP level 4. HP: 28/33 MP: 2/7
  1518 | D:2      | Learned a level 3 spell: Ozocubu's Armour
  1619 | D:2      | Noticed Terence
  1640 | D:2      | Killed Terence
  1640 | D:2      | Reached skill level 3 in Conjurations
  1779 | D:3      | Found an iron altar of Okawaru.
  1926 | D:3      | Noticed BonjourVileCrotch's ghost (weakling FoAs)
  2069 | D:3      | Found a sparkling altar of Nemelex Xobeh.
  2205 | D:3      | Noticed Natasha
  2413 | D:3      | Reached skill level 1 in Shields
  2413 | D:3      | Reached XP level 5. HP: 36/38 MP: 5/8
  2796 | D:4      | Reached skill level 4 in Fighting
  2796 | D:4      | Reached skill level 4 in Dodging
  2796 | D:4      | Reached skill level 3 in Shields
  2796 | D:4      | Reached skill level 5 in Spellcasting
  2796 | D:4      | Reached skill level 6 in Conjurations
  2796 | D:4      | Reached skill level 7 in Ice Magic
  2796 | D:4      | Reached XP level 6. HP: 52/52 MP: 9/14
  2802 | D:4      | Learned a level 4 spell: Throw Icicle
  2802 | D:4      | Reached skill level 6 in Fighting
  2802 | D:4      | Reached skill level 5 in Dodging
  2802 | D:4      | Reached skill level 5 in Shields
  2802 | D:4      | Reached skill level 8 in Conjurations
  2802 | D:4      | Reached skill level 8 in Ice Magic
  2802 | D:4      | Your scales start taking on an icy white colour.
  2802 | D:4      | Reached skill level 10 in Ice Magic
  2802 | D:4      | Reached XP level 7. HP: 64/64 MP: 9/15
  2802 | D:4      | Gained mutation: Your flesh is cold resistant. (rC+) [White Draconian growth]
  3409 | D:5      | Entered Level 5 of the Dungeon
  3799 | D:5      | Found a blossoming altar of Fedhas.
  4223 | D:5      | Reached XP level 8. HP: 71/71 MP: 4/16
  4427 | D:6      | Found a shimmering altar of Xom.
  4433 | D:6      | Reached skill level 1 in Charms
  4443 | D:6      | Found a basalt altar of Yredelemnul.
  4446 | D:6      | Found a hide-covered altar of Uskayaw.
  4447 | D:6      | Found a shadowy altar of Dithmenos.
  4448 | D:6      | Found a shattered altar of Ashenzari.
  4692 | D:6      | Reached skill level 6 in Dodging
  4932 | D:6      | Found a burning altar of Makhleb.
  5196 | D:6      | Found a stormy altar of Qazlal.
  5333 | D:6      | Found a deep blue altar of Sif Muna.
  5419 | D:6      | Found a staircase to the Ecumenical Temple.
  5425 | Temple   | Entered the Ecumenical Temple
  5552 | D:6      | Became a worshipper of Sif Muna the Loreminder
  5792 | D:6      | Found a glowing golden altar of the Shining One.
  5925 | D:7      | Reached skill level 2 in Charms
  6545 | D:7      | Reached XP level 9. HP: 76/78 MP: 0/17
  6928 | D:7      | Reached skill level 3 in Charms
  7093 | D:7      | Reached skill level 6 in Spellcasting
  7450 | D:7      | Found the +5 scythe "Finisher" {speed, Str+3}
  8327 | D:8      | Found a staircase to the Lair.
  8372 | D:8      | Noticed Psyche
  8427 | D:8      | Killed Psyche
  8427 | D:8      | Reached * piety under Sif Muna
  8634 | D:8      | Noticed Erica
  8659 | D:8      | HP: 36/78 [something/bolt of poison (22)]
  8672 | D:8      | HP: 39/78 [wolf[Grum] (3)]
  8676 | D:8      | HP: 10/78 [wolf[Grum] (10)]
  9042 | D:8      | Noticed Grum
  9050 | D:8      | Killed Grum
  9081 | D:7      | Reached skill level 4 in Charms
  9312 | D:8      | Reached XP level 10. HP: 84/84 MP: 10/19
  9590 | D:8      | Killed Erica
  9746 | D:8      | Found a bloodstained altar of Trog.
  9779 | D:8      | Learned a level 4 spell: Summon Ice Beast
 10061 | D:8      | Noticed Prince Ribbit
 10071 | D:8      | Killed Prince Ribbit
 10071 | D:8      | Reached ** piety under Sif Muna
 10071 | D:8      | Reached skill level 7 in Spellcasting
 10192 | D:8      | Noticed a cyclops
 10192 | D:8      | a blink frog changed into a cyclops
 10458 | D:8      | Noticed a lindwurm
 10459 | D:8      | a lindwurm changed into a snapping turtle
 10823 | D:9      | Reached skill level 9 in Conjurations
 11172 | D:9      | Reached skill level 5 in Charms
 11400 | D:9      | Reached skill level 7 in Fighting
 11817 | D:9      | Found a bloodstained altar of Trog.
 12270 | D:10     | Entered Level 10 of the Dungeon
 12285 | D:10     | Noticed a two-headed ogre
 12293 | D:10     | Killed a two-headed ogre
 12293 | D:10     | Reached XP level 11. HP: 59/92 MP: 1/22
 12718 | D:10     | Noticed Fannar
 13193 | D:10     | Killed an unseen horror
 13381 | D:10     | Found a portal to a secret trove of treasure.
 14469 | Lair:1   | Entered Level 1 of the Lair of Beasts
 14505 | Lair:1   | Reached skill level 7 in Dodging
 14641 | Lair:1   | Reached skill level 8 in Fighting
 14641 | Lair:1   | Reached skill level 8 in Spellcasting
 15017 | Lair:1   | HP: 38/94 [porcupine's spines (11)]
 15022 | Lair:1   | HP: 33/94 [something (2)]
 15044 | Lair:1   | HP: 31/94 [yak (8)]
 15062 | Lair:1   | HP: 22/94 [yak (13)]
 15080 | Lair:1   | HP: 18/94 [yak (9)]
 15101 | Lair:1   | HP: 14/94 [yak (9)]
 15398 | D:8      | Reached *** piety under Sif Muna
 15436 | D:8      | Noticed a dire elephant
 15537 | D:11     | HP: 40/94 [acid (14)]
 15791 | D:11     | Reached skill level 1 in Invocations
 16442 | D:11     | Found a white marble altar of Elyvilon.
 16487 | D:11     | Reached skill level 10 in Conjurations
 16490 | D:11     | Reached skill level 2 in Invocations
 17235 | D:11     | Killed an unseen horror
 17405 | D:12     | Noticed Urug
 17418 | D:12     | HP: 27/94 [Urug/battleaxe of flaming (27)]
 17421 | D:12     | Killed Urug
 17421 | D:12     | Reached skill level 3 in Invocations
 17426 | D:12     | HP: 19/94 [hound (3)]
 18081 | D:12     | Learned a level 4 spell: Cause Fear
 18270 | D:12     | Found a staircase to the Orcish Mines.
 18448 | D:12     | Paralysed by a centaur for 2 turns
 18594 | D:12     | Reached skill level 1 in Hexes
 18751 | D:12     | Reached skill level 4 in Invocations
 18898 | D:12     | Killed an unseen horror
 18898 | D:12     | Reached skill level 2 in Hexes
 18968 | D:12     | Found Doagh's Food Shoppe.
 18976 | D:12     | Reached XP level 12. HP: 97/101 MP: 20/24
 18986 | D:12     | Bought a ration for 60 gold pieces
 18986 | D:12     | Bought a ration for 60 gold pieces
 18986 | D:12     | Bought a ration for 60 gold pieces
 19395 | D:12     | Noticed a two-headed ogre
 19656 | D:12     | Reached skill level 3 in Hexes
 19857 | D:12     | Reached **** piety under Sif Muna
 20361 | D:12     | Killed a two-headed ogre
 20911 | D:3      | Found a sparkling altar of Nemelex Xobeh.
 21024 | D:3      | Killed BonjourVileCrotch's ghost
 21165 | D:3      | Found an iron altar of Okawaru.
 21303 | D:3      | Killed Natasha
 21410 | D:3      | Noticed Natasha
 21420 | D:3      | Killed Natasha
 21544 | D:7      | Reached skill level 5 in Invocations
 21556 | D:7      | Reached skill level 9 in Spellcasting
 21556 | D:7      | Reached skill level 4 in Hexes
 21891 | D:8      | Noticed an alligator snapping turtle
 22420 | Lair:1   | Reached skill level 5 in Hexes
 22433 | Lair:1   | HP: 50/101 [wolf spider (8)]
 22451 | Lair:1   | HP: 47/101 [yak (5)]
 23251 | Lair:2   | Reached skill level 6 in Invocations
 24112 | Lair:2   | Reached skill level 11 in Ice Magic
 24875 | Lair:2   | HP: 41/101 [yak (11)]
 24881 | Lair:2   | HP: 31/101 [yak (4)]
 24891 | Lair:2   | HP: 29/101 [yak (5)]
 25629 | Lair:3   | Noticed Gastronok
 25644 | Lair:3   | Killed Gastronok
 25644 | Lair:3   | Reached skill level 7 in Invocations
 25644 | Lair:3   | Reached XP level 13. HP: 92/107 MP: 0/26
 25842 | Lair:3   | Noticed kegs's ghost (journeyman HOFi)
 26040 | Lair:3   | Reached skill level 10 in Spellcasting
 26158 | Lair:3   | Noticed Harold
 26249 | Lair:3   | Killed Harold
 26470 | Lair:3   | Noticed xight's ghost (adept DEFE)
 26758 | Lair:4   | Reached skill level 8 in Invocations
 26767 | Lair:4   | Reached skill level 12 in Ice Magic
 26796 | Lair:4   | Found a staircase to the Shoals.
 27078 | Lair:4   | Found a hole to the Spider Nest.
 27767 | Lair:5   | Noticed Tiamon's ghost (journeyman MiFi)
 27796 | Lair:5   | HP: 52/107 [wolf (7)]
 27799 | Lair:5   | Quit the game

Vanquished Creatures
  Gastronok (Lair:3)
  Harold (Lair:3)
  Erica (D:8)
  2 two-headed ogres
  Urug (D:12)
  3 unseen horrors
  3 wolf spiders (Lair:1)
  Psyche (D:8)
  A black mamba (Lair:4)
  3 spiny frogs
  3 komodo dragons (Lair:1)
  A polar bear (Lair:4)
  9 blink frogs
  5 hippogriffs
  Prince Ribbit (D:8)
  4 wyverns
  5 wraiths (D:7)
  32 yaks
  2 basilisks
  Grum (D:8)
  A hungry ghost (D:9)
  2 steam dragons (D:9)
  3 vampire mosquitoes (D:12)
  A soldier ant (D:8)
  An acid dragon (D:12)
  4 porcupines
  6 water moccasins
  6 sky beasts
  A phantom (D:7)
  A hornet zombie (D:12)
  3 ice beasts
  5 orc warriors
  3 necrophages
  8 ogres
  A black bear (Lair:2)
  18 centaurs
  18 wolves
  5 crocodiles
  A big kobold (D:7)
  15 bullfrogs
  A gnoll sergeant (D:8)
  4 scorpions
  10 killer bees
  The ghost of BonjourVileCrotch the Sneak, a weakling FoAs (D:3)
  8 wights
  An electric eel (Lair:2)
  A lava snake (D:8)
  2 centaur zombies (D:8)
  2 crimson imps (D:6)
  4 hounds
  A quasit (D:11)
  A jelly (D:7)
  3 bullfrog skeletons
  3 centaur skeletons
  A gnoll shaman (D:10)
  2 orc priests
  11 orc wizards
  Natasha (twice) (D:3)
  5 iguanas
  Terence (D:2)
  6 worker ants
  A hound zombie (D:8)
  A mummy (D:8)
  A worker ant zombie (D:10)
  15 adders
  14 gnolls
  2 shadow imps (D:5)
  A dart slug (D:2)
  6 leopard geckos
  37 orcs
  3 bats (D:1)
  5 giant cockroaches
  4 hobgoblins
  5 jackals
  2 quokkas (D:10)
  A ball python (D:1)
  6 frilled lizards
  8 goblins
  24 kobolds
  A leopard gecko skeleton (D:8)
  15 rats
  A plant (Lair:2)
406 creatures vanquished.

Vanquished Creatures (collateral kills)
  A komodo dragon (Lair:1)
  7 yaks
  An acid dragon (D:11)
  A porcupine (Lair:1)
  An ice beast (D:11)
  A killer bee (D:9)
  A worker ant (D:10)
  An adder (Lair:1)
  4 orcs
18 creatures vanquished.

Vanquished Creatures (others)
  A soldier ant (D:8)
  2 orcs (D:9)
  A kobold (D:7)
  A quokka (D:9)
  2 bushes
  25 fungi
  41 plants
73 creatures vanquished.

Grand Total: 497 creatures vanquished

Table legend:
 A = Turns spent in this place as a percentage of turns spent in the entire game.
 B = Non-inter-level travel turns spent in this place as a percentage of non-inter-level travel turns spent in the entire game.
 C = Inter-level travel turns spent in this place as a percentage of turns spent in this place.
 D = Turns resting spent in this place as a percentage of non-inter-level travel turns spent in this place.
 E = Turns spent auto-exploring this place as a percentage of non-inter-level travel turns spent in this place.
 F = Non-inter-level travel turns spent in this place divided by the number of levels of this place that you've seen.
                   A       B       C       D       E      F
               +-------+-------+-------+-------+-------+----------------------
         Total | 100.0 | 100.0 |   4.2 |  47.2 |  36.6 | 1480.2
       Dungeon |  76.3 |  75.6 |   5.0 |  46.8 |  37.5 | 1677.9
        Temple |   0.4 |   0.3 |  18.6 |   0.0 |  98.9 |  92.0
          Lair |  23.3 |  24.1 |   1.1 |  49.1 |  33.1 | 1283.2
               +-------+-------+-------+-------+-------+----------------------
